 Dungeon Crawl Stone Soup version 0.27-a0-522-g46bbb28828 (webtiles) character file.

Game seed: 16876406864162211868

752 pokeman the Thaumaturge (level 7, 0/40 HPs)
             Began as a Deep Elf Hedge Wizard on Mar 4, 2021.
             Was an Initiate of Vehumet.
             Shot with an arrow by a centaur (8 damage)
             ... on level 5 of the Dungeon.
             The game lasted 00:10:54 (5858 turns).

pokeman the Thaumaturge (Deep Elf Hedge Wizard)     Turns: 5858, Time: 00:10:54

Health: 0/40       AC:  5    Str:  7    XL:     7   Next: 49%
Magic:  8/20       EV: 12    Int: 21    God:    Vehumet [......]
Gold:   272        SH:  0    Dex: 14    Spells: 11/22 levels left

rFire    . . .     SeeInvis .   t - +2 quarterstaff (chaos)
rCold    . . .     Faith    .   (shield currently unavailable)
rNeg     . . .     Spirit   .   p - +0 leather armour
rPois    .         Reflect  .   c - +0 hat
rElec    .         Harm     .   e - +0 cloak
rCorr    .         Rampage  .   l - +0 pair of gloves
Will     .....                  (no boots)
Stlth    ++........             (no amulet)
HPRegen  0.13/turn              (no ring)
MPRegen  0.17/turn              (no ring)

@: very slightly contaminated
A: no striking features
a: Renounce Religion


You were on level 5 of the Dungeon.
You worshipped Vehumet.
Vehumet was noncommittal.
You visited 2 branches of the dungeon, and saw 6 of its levels.

You collected 272 gold pieces.

Inventory:

Hand Weapons
 t - a +2 quarterstaff of chaos (weapon)
Missiles
 g - 16 bolts
 o - 20 arrows
Armour
 c - a +0 hat (worn)
 e - a +0 cloak (worn)
 l - a +0 pair of gloves (worn)
 p - a +0 leather armour (worn)
Scrolls
 b - a scroll of noise {unknown}
 f - 3 scrolls of magic mapping {unknown}
 i - a scroll of enchant weapon {unknown}
 j - 2 scrolls of enchant armour {unknown}
 k - 6 scrolls of identify {unknown}
 m - a scroll of random uselessness {unknown}
 n - 3 scrolls of teleportation {unknown}
 u - a scroll of blinking {unknown}
Potions
 a - a potion of mutation {unknown}
 d - a potion of might
 h - 3 potions of curing
 q - 2 potions of heal wounds {unknown}
 r - a potion of lignification {unknown}
 s - a potion of haste


   Skills:
 - Level 2.0 Fighting
 + Level 1.1 Armour
 - Level 3.0 Dodging
 - Level 3.0 Stealth
 * Level 8.2 Spellcasting
 + Level 4.1 Conjurations
 - Level 1.1 Summonings
 - Level 1.1 Translocations
 + Level 2.7 Fire Magic
 - Level 1.0 Air Magic
 - Level 1.0 Poison Magic


You had 11 spell levels left.
You knew the following spells:

 Your Spells              Type           Power        Failure   Level
a - Magic Dart            Conj           100%         1%          1
b - Mephitic Cloud        Conj/Pois/Air  17%          14%         3
c - Call Imp              Summ           13%          11%         2
d - Blink                 Tloc           N/A          11%         2
e - Conjure Flame         Conj/Fire      23%          9%          3

Your spell library contained the following spells:

 Spells                   Type           Power        Failure   Level
 Slow                     Hex            8%           17%         2


Dungeon Overview and Level Annotations

Branches:
Dungeon (5/15)             Temple (1/1) D:4

Altars:
Ashenzari
Cheibriados
Dithmenos
Fedhas
Gozag
Hepliaklqana
Kikubaaqudgha
Makhleb
Nemelex Xobeh
Okawaru
Qazlal
Ru
Sif Muna
Trog
Uskayaw
Vehumet
Wu Jian
Xom
Yredelemnul
Zin
The Shining One

Annotations:
D:3 2 transporters, srzhan31's ghost, amateur DENe


Message History

Press: ? - help, Shift-Dir - straight line The ball explodes into a vile cloud!
The stinking cloud engulfs the centaur but does no damage.
The centaur shoots an arrow.
The arrow closely misses you.
The centaur shoots an arrow.
The arrow hits you.
Casting: Mephitic Cloud (dangerous; 14% risk of failure)
Confirm with . or Enter, or press ? or * to list all spells.
Aiming: Mephitic Cloud (dangerous; 14% risk of failure)
Press: ? - help, Shift-Dir - straight line, f - centaur
Aim: a centaur, wielding a +0 shortbow and quivering arrows (chance to affect: 81%)
You miscast Mephitic Cloud.
You are very lightly contaminated with residual magic.
Nothing appears to happen.
The centaur shoots an arrow.
The arrow hits you!
Casting: Mephitic Cloud (dangerous; 14% risk of failure)
Confirm with . or Enter, or press ? or * to list all spells.
Aiming: Mephitic Cloud (dangerous; 14% risk of failure)
Press: ? - help, Shift-Dir - straight line, f/p - centaur
Aim: a centaur, wielding a +0 shortbow and quivering arrows (chance to affect: 81%)
You miscast Mephitic Cloud.
Nothing appears to happen.
The centaur shoots an arrow.
The arrow hits you!
* * * LOW HITPOINT WARNING * * *
Casting: Mephitic Cloud (dangerous; 14% risk of failure)
Confirm with . or Enter, or press ? or * to list all spells.
Aiming: Mephitic Cloud (dangerous; 14% risk of failure)
Press: ? - help, Shift-Dir - straight line, f/p - centaur
Aim: a centaur, wielding a +0 shortbow and quivering arrows (chance to affect: 81%)
The ball explodes into a vile cloud!
The stinking cloud engulfs the centaur but does no damage.
The centaur is engulfed in noxious fumes.
The centaur appears confused.
Unknown command.
Casting: Mephitic Cloud (dangerous; 14% risk of failure)
Confirm with . or Enter, or press ? or * to list all spells.
The fire begins to smolder!
Unknown command.
The fire ignites!
The centaur looks very confused.
The centaur seems less confused.
The centaur shoots an arrow.
The arrow hits you!
You die...

#########################
..............).@ยง..c....
##########################
.........####.....####...########
................................#
......##.####.....####...##.##.##
......##.# #.....# #......##.#.
......##.# #.....# #....[.##.#.
......##.# ####### #.._...##.'.
......##.# #......####.


You could see a centaur.

Vanquished Creatures
  A water moccasin skeleton (D:4)
  A scorpion (D:5)
  4 hounds (D:5)
  An orc priest (D:4)
  A bullfrog skeleton (D:4)
  A gnoll shaman (D:4)
  Crazy Yiuf (D:4)
  A centaur skeleton (D:5)
  Jessica (D:2)
  An iguana (D:5)
  Terence (D:2)
  4 worker ants
  An orc wizard (D:4)
  A hound skeleton (D:5)
  3 gnolls (D:4)
  2 howler monkey skeletons (D:5)
  9 adders
  An adder skeleton (D:4)
  A dart slug (D:1)
  2 leopard geckos (D:2)
  7 orcs
  2 giant cockroaches
  A goblin (D:2)
  4 hobgoblins
  6 jackals
  2 quokkas (D:5)
  A ball python (D:5)
  A bat (D:3)
  3 frilled lizards
  A giant cockroach zombie (D:5)
  7 kobolds
  3 rats (D:3)
76 creatures vanquished.

Notes
Turn   | Place    | Note
-------+----------+-------------------------------------------
     0 | D:1      | pokeman the Deep Elf Hedge Wizard began the quest for the
                  | Orb.
     0 | D:1      | Reached XP level 1. HP: 10/10 MP: 7/7
   468 | D:1      | Found a shimmering blue altar of Sif Muna.
   484 | D:1      | Reached XP level 2. HP: 15/15 MP: 4/9
  1263 | D:2      | Reached skill level 5 in Spellcasting
  1439 | D:2      | Noticed Jessica
  1446 | D:2      | Killed Jessica
  1447 | D:2      | Reached skill level 1 in Fighting
  1447 | D:2      | Reached skill level 1 in Armour
  1447 | D:2      | Reached XP level 3. HP: 20/20 MP: 3/11
  1451 | D:2      | Learned a level 3 spell: Mephitic Cloud
  1454 | D:2      | Learned a level 2 spell: Call Imp
  1457 | D:2      | Learned a level 2 spell: Blink
  1461 | D:2      | Learned a level 3 spell: Conjure Flame
  1727 | D:2      | Reached XP level 4. HP: 25/25 MP: 6/13
  2380 | D:2      | Noticed Terence
  2397 | D:2      | Killed Terence
  2398 | D:2      | Reached skill level 1 in Fire Magic
  2980 | D:3      | Found a transporter.
  2983 | D:3      | Noticed srzhan31's ghost (amateur DENe)
  3044 | D:3      | Reached skill level 6 in Spellcasting
  3105 | D:3      | Reached XP level 5. HP: 25/29 MP: 10/15
  3230 | D:3      | Found a transporter.
  3454 | D:4      | Found a runed translucent door.
  3455 | D:4      | Noticed Crazy Yiuf
  3483 | D:4      | Reached skill level 1 in Air Magic
  3612 | D:4      | Reached XP level 6. HP: 12/34 MP: 2/17
  3772 | D:4      | Reached skill level 1 in Poison Magic
  3952 | D:4      | Reached skill level 7 in Spellcasting
  4036 | D:4      | Found a staircase to the Ecumenical Temple.
  4044 | Temple   | Entered the Ecumenical Temple
  4512 | D:4      | Found a basalt altar of Yredelemnul.
  4990 | D:4      | Killed Crazy Yiuf
  5083 | D:5      | Entered Level 5 of the Dungeon
  5132 | D:5      | Reached XP level 7. HP: 29/39 MP: 13/20
  5579 | D:5      | Found a bloodstained altar of Trog.
  5630 | D:5      | Found a radiant altar of Vehumet.
  5631 | D:5      | Found a snail-covered altar of Cheibriados.
  5638 | D:5      | Became a worshipper of Vehumet
  5653 | D:5      | Reached skill level 8 in Spellcasting
  5858 | D:5      | Shot with an arrow by a centaur

Illustrated notes

Levels and vault maps discovered:
D:1:      sevenhm_arrival_forest_fort_large_4, layout_loops_ring,
          kennysheep_flooded_box
D:2:      layout_basic, grunt_ministairs_10, minmay_indecisive_spiral,
          uniq_terence, uniq_jessica
D:3:      layout_basic, gammafunk_ghost_stat_death, minmay_tree_intersection
D:4:      layout_basic, marbit_many_paths, minmay_temple_entry_mini_moons,
          uniq_crazy_yiuf_cottage
D:5:      layout_basic, gammafunk_temple_overflow_pools, basic_altar,
          minmay_misc_feat_hallway
Temple:   regret_index_temple_mists

Skill      XL: |  1  2  3  4  5  6  7 |
---------------+----------------------+-----
Spellcasting   | 5 6 7 8 |  8.2
Fighting       | 1 2 |  2.0
Armour         | 1 |  1.1
Conjurations   | 2 3 4 |  4.1
Fire Magic     | 1 2 |  2.7
Dodging        | 3 |  3.0
Air Magic      | 1 |  1.0
Stealth        | 3 |  3.0
Poison Magic   | 1 |  1.0
Summonings     | |  1.1
Translocations | |  1.1

Action                   |  1- 3 |  4- 6 |  7- 9 || total
-------------------------+-------+-------+-------++-------
Melee: Dagger            |    28 |    27 |       ||    55
       Quarterstaff      |       |       |    10 ||    10
 Cast: Magic Dart        |    58 |   142 |    43 ||   243
       Conjure Flame     |       |     8 |     3 ||    11
       Mephitic Cloud    |       |     7 |     4 ||    11
  Use: Potion            |       |     2 |       ||     2
 Stab: Confused          |       |     5 |       ||     5
Armor: Robe              |     8 |       |       ||     8
       Leather armour    |       |    14 |     8 ||    22
Dodge: Dodged            |    29 |    33 |    24 ||    86

Table legend: (Time is in decaauts)
 A = Elapsed time spent in this place.
 B = Non-inter-level travel time spent in this place.
 C = Inter-level travel time spent in this place.
 D = Time resting spent in this place.
 E = Time spent auto-exploring this place.
 F = Levels seen in this place.
 G = Mean time per level.
                   A        B        C        D        E       F      G
               +--------+--------+--------+--------+--------+-----+--------+
         Total |   5896 |   5725 |    171 |    328 |   4690 |   6 |  982.7 |
       Dungeon |   5670 |   5527 |    143 |    328 |   4493 |   5 | 1134.0 |
        Temple |    226 |    198 |     28 |      0 |    197 |   1 |  226.0 |
               +--------+--------+--------+--------+--------+-----+--------+

Top non-repeatable levels by time:
     D:4: 1345 daAuts
     D:2: 1340 daAuts
     D:1: 1238 daAuts
     D:3: 968 daAuts
     D:5: 777 daAuts
  Temple: 226 daAuts
